 Dungeon Crawl Stone Soup version 0.19-a0-1203-g7dfd8ee (webtiles) character file.

9725 zxpr0jk the Thaumaturge (level 11, -18/85 HPs)
             Began as a Pale Draconian Ice Elementalist on Aug 21, 2016.
             Was a Priest of Cheibriados.
             Killed from afar by LostInTranslocation's ghost (32 damage)
             ... with a bolt of negative energy
             ... on level 11 of the Dungeon.
             The game lasted 00:38:56 (11797 turns).

zxpr0jk the Thaumaturge (DrIE)                     Turns: 11797, Time: 00:38:59

Health: -18/85     AC: 15    Str: 20    XL:     11   Next: 26%
Magic:  5/25       EV: 16    Int: 22    God:    Cheibriados [***...]
Gold:   683        SH:  5    Dex: 30    Spells: 3 memorised, 22 levels left

rFire  + . .     SeeInvis .     S - +9 falchion of the Ship {slice, rF+ MR+ Dex+7}
rCold  . . .     Gourm    .     (armour unavailable)
rNeg   . . .     Faith    .     (no shield)
rPois  .         Spirit   .     (helmet restricted)
rElec  .         Dismiss  .     B - +0 cloak
rCorr  .         Reflect  +     (no gloves)
MR     +....     Harm     .     (no boots)
Stlth  +++....... Rnd*Rage +    p - +5 amulet of reflection
                                z - ring of stealth
                                w - +2 ring of strength

@: icy armour, heavily drained, very slow
A: breathe steam, unfitting armour, claws 1, hooves 2, berserk 1, dopey 1, slow
regeneration 1, cold-blooded, AC +7
a: Breathe Steam, Bend Time, Temporal Distortion, Renounce Religion


You were on level 11 of the Dungeon.
You worshipped Cheibriados.
Cheibriados was most pleased with you.
You were hungry.

You visited 3 branches of the dungeon, and saw 13 of its levels.

You collected 683 gold pieces.

Inventory:

Hand Weapons
 S - the +9 falchion of the Ship (weapon) {slice, rF+ MR+ Dex+7}
   (You found it on level 8 of the Dungeon)

   It inflicts extra damage upon your enemies.
   It affects your dexterity (+7).
   It protects you from fire.
   It affects your resistance to hostile enchantments.
Missiles
 a - 7 javelins (quivered)
 f - 3 poisoned tomahawks
 q - a throwing net
 F - 11 tomahawks
Armour
 B - a +0 cloak (worn)
Jewellery
 p - a +5 amulet of reflection (around neck)
 w - a +2 ring of strength (left claw)
 z - a ring of stealth (right claw)
Wands
 s - a wand of slowing (20/48)
 v - a wand of lightning (12/15)
 x - a wand of slowing (14/48)
 O - a wand of teleportation (4/9)
Scrolls
 d - a scroll of fog
 j - 2 scrolls of identify
 l - 2 scrolls of magic mapping
 m - a scroll of random uselessness {unknown}
 r - a scroll of amnesia
 y - a scroll of immolation
 C - a scroll of torment {unknown}
 G - a scroll of enchant weapon
 J - a scroll of recharging
 R - 2 scrolls of remove curse
Potions
 e - a potion of might
 g - a potion of heal wounds
 i - a potion of cure mutation {unknown}
 k - a potion of cancellation
 n - 6 potions of curing
 o - 4 potions of agility {unknown}
 t - a potion of brilliance {unknown}
 u - 3 potions of lignification {unknown}
 L - 2 potions of flight {unknown}
Books
 c - a book of Death

   Spells                             Type                      Level
   a - Corpse Rot                     Necromancy                   2
   b - Sublimation of Blood           Necromancy                   2
   c - Agony                          Necromancy                   5
   d - Dispel Undead                  Necromancy                   5
   e - Excruciating Wounds            Charms/Necromancy            5
   f - Bolt of Draining               Conjuration/Necromancy       5
Comestibles
 b - 8 bread rations
 h - a beef jerky
 A - 7 fruits


   Skills:
 + Level 4.9(2.9) Fighting
 + Level 4.6(2.7) Long Blades
 - Level 5.9(3.8) Dodging
 - Level 1.7(0.0) Stealth
 + Level 4.6(2.6) Unarmed Combat
 - Level 10.2(7.9) Spellcasting
   Level 1.0(0.0) Conjurations
 - Level 10.0(7.7) Ice Magic


You had 22 spell levels left.
You knew the following spells:

 Your Spells              Type           Power        Failure   Level  Hunger
a - Freeze                Ice            ####         1%          1    None
b - Ozocubu's Armour      Chrm/Ice       ####....     6%          3    None
c - Summon Ice Beast      Ice/Summ       ####....     17%         4    ###....


Dungeon Overview and Level Annotations

Branches:
Dungeon (11/15)            Temple (1/1) D:7            Lair (1/6) D:8
    Orc (0/2) D:9

Altars:
Ashenzari
Cheibriados
Dithmenos
Elyvilon
Fedhas
Gozag
Hepliaklqana
Kikubaaqudgha
Makhleb
Nemelex Xobeh
Okawaru
Qazlal
Ru
Sif Muna
Trog
Uskayaw
Vehumet
Xom
Yredelemnul
Zin
The Shining One

Shops:
D:4 (   D:8 ?

Annotations:
D:11 LostInTranslocation's ghost, journeyman DrGl


Innate Abilities, Weirdness & Mutations

You can breathe blasts of scalding, opaque steam.
Your pale cyan-grey scales are hard. (AC +7)
Your body does not fit into most forms of armour.
You are cold-blooded and may be slowed by cold attacks.
You have sharp fingernails.
You have hoof-like feet.
You tend to lose your temper in combat.
You are dopey. (Int -2)
You regenerate slowly when monsters are visible.


Message History

Your ice beast closely misses LostInTranslocation's ghost.
The heat melts your icy armour.
You hit LostInTranslocation's ghost.
Your kick misses LostInTranslocation's ghost.
LostInTranslocation's ghost is almost destroyed.
LostInTranslocation's ghost breathes negative energy at you.
The bolt of negative energy hits you!
You feel drained.
Ouch! That really hurt!
* * * LOW HITPOINT WARNING * * *
Your ice beast closely misses LostInTranslocation's ghost.
Your ice beast hits LostInTranslocation's ghost but does no damage.
Your ice beast completely misses LostInTranslocation's ghost.
You hit LostInTranslocation's ghost but do no damage.
Your kick misses LostInTranslocation's ghost.
Your tail-slap misses LostInTranslocation's ghost.
LostInTranslocation's ghost is almost destroyed.
You have got your breath back.
LostInTranslocation's ghost breathes negative energy at you.
The bolt of negative energy hits you!
You feel drained.
You die...

#..........#
#..........##
#............
#..........(.
#........... .......
..Y....# #......
#YW...# #.....#
#Y@...# #.....#
#.....# #.....#
#.....# #.....#
#.....# #.....#
#.....# #.>...###
###...# #........
#...# #........
#...#####.#'#####
#####.........#......


You could see LostInTranslocation's ghost and 3 friendly ice beasts.

Vanquished Creatures
  The ghost of keltonhicks the Grappler, a novice TrMo (D:6)
  Pikel (D:7)
  A centaur zombie (D:10)
  3 trolls
  Prince Ribbit (D:5)
  A two-headed ogre (D:9)
  A yak (D:8)
  A hog (D:7)
  A human (D:7)
  2 hill giant zombies (D:9)
  A wyvern (D:11)
  2 hungry ghosts (D:9)
  Edmund (D:5)
  A water moccasin (Lair:1)
  2 ice beasts (D:7)
  4 orc warriors
  2 phantoms
  5 centaurs
  A necrophage (D:7)
  3 ogres
  3 sky beasts
  2 crocodiles
  4 big kobolds
  2 gnoll sergeants (D:6)
  7 giant frogs
  4 scorpions
  A troll zombie (D:9)
  2 wights (D:9)
  3 howler monkeys
  3 crimson imps
  A giant frog zombie (D:5)
  A quasit (D:9)
  4 gnoll shamans
  A giant frog skeleton (D:10)
  6 hounds
  Crazy Yiuf (D:2)
  2 orc priests
  2 centaur skeletons
  2 jellies
  5 orc wizards
  4 iguanas
  8 worker ants
  3 sheep (D:7)
  3 killer bee zombies
  5 ogre zombies (D:9)
  3 hound zombies
  A hound skeleton (D:8)
  21 gnolls
  A howler monkey skeleton (D:9)
  2 river rats (D:8)
  13 adders
  2 shadow imps
  A white imp (D:8)
  2 adder skeletons (D:8)
  4 worms (D:2)
  3 dart slugs
  5 giant geckos
  25 orcs
  A ball python (D:3)
  17 bats
  3 giant cockroaches
  4 goblins
  11 hobgoblins
  2 jackals (D:6)
  9 quokkas
  A giant gecko zombie (D:5)
  2 giant newts (D:4)
  5 goblin zombies (D:9)
  3 hobgoblin skeletons (D:9)
  4 hobgoblin zombies (D:9)
  A jackal skeleton (D:4)
  22 kobolds
  12 orc zombies (D:9)
  9 rats
  A fungus (D:8)
304 creatures vanquished.

Vanquished Creatures (collateral kills)
  A hydra (D:10)
  The ghost of LandisOverThere the Severer, a journeyman DsGl of Uskayaw (D:10)
  A hungry ghost (D:9)
  An orc warrior (D:10)
  An ogre (D:9)
  2 wights (D:9)
  2 orcs (D:10)
  A goblin zombie (D:9)
10 creatures vanquished.

Vanquished Creatures (others)
  A slave (D:7)
  An orc warrior (D:7)
  A jelly (D:7)
  A dart slug (D:4)
  A giant gecko (D:4)
  4 orcs
  12 fungi
  6 plants (D:8)
27 creatures vanquished.

Grand Total: 341 creatures vanquished

Notes
Turn   | Place    | Note
-------+----------+-------------------------------------------
     0 | D:1      | zxpr0jk the Draconian Ice Elementalist began the quest for the Orb.
     0 | D:1      | Reached XP level 1. HP: 14/14 MP: 3/3
   465 | D:1      | Reached XP level 2. HP: 20/20 MP: 3/5
   927 | D:2      | Reached XP level 3. HP: 26/26 MP: 2/6
  1324 | D:2      | Reached XP level 4. HP: 12/33 MP: 3/8
  1857 | D:2      | Found a runed door.
  1861 | D:2      | Noticed Crazy Yiuf
  1869 | D:2      | Killed Crazy Yiuf
  2029 | D:3      | Reached XP level 5. HP: 31/38 MP: 6/10
  2186 | D:3      | Reached skill level 5 in Ice Magic
  2601 | D:4      | Found a glowing golden altar of the Shining One.
  2611 | D:4      | Found a shimmering altar of Xom.
  2675 | D:4      | Found a shattered altar of Ashenzari.
  2890 | D:4      | Found a sparkling altar of Nemelex Xobeh.
  2943 | D:4      | Found Fuavosocont's Antique Weapon Shop.
  3343 | D:5      | Entered Level 5 of the Dungeon
  3354 | D:5      | Reached XP level 6. HP: 40/45 MP: 11/11
  3716 | D:5      | Learned a level 3 spell: Ozocubu's Armour
  3726 | D:5      | Learned a level 4 spell: Summon Ice Beast
  3758 | D:5      | Found a blossoming altar of Fedhas.
  3781 | D:5      | Your scales start taking on a pale cyan-grey colour.
  3781 | D:5      | Reached XP level 7. HP: 25/50 MP: 7/13
  3883 | D:5      | Noticed Edmund
  3884 | D:5      | Noticed Prince Ribbit
  3894 | D:5      | Killed Edmund
  3905 | D:5      | Killed Prince Ribbit
  3905 | D:5      | Reached skill level 5 in Spellcasting
  4407 | D:5      | Reached XP level 8. HP: 47/57 MP: 9/16
  5297 | D:6      | Noticed keltonhicks's ghost (novice TrMo)
  5560 | D:6      | Killed keltonhicks's ghost
  5866 | D:6      | Found a bloodstained altar of Trog.
  5930 | D:6      | Reached skill level 10 in Ice Magic
  5938 | D:6      | Found an iron altar of Okawaru.
  6126 | D:6      | Reached XP level 9. HP: 44/62 MP: 17/19
  6790 | D:6      | HP: 3/62 [gnoll/spear (6)]
  7640 | D:7      | Gained mutation: You regenerate slowly when monsters are visible. [mutagenic meat]
  7643 | D:7      | Gained mutation: You have sharp fingernails. [mutagenic meat]
  7687 | D:7      | Noticed Pikel
  7698 | D:7      | Killed Pikel
  7698 | D:7      | Reached skill level 10 in Spellcasting
  7698 | D:7      | Reached XP level 10. HP: 44/69 MP: 1/24
  7842 | D:7      | Found a staircase to the Ecumenical Temple.
  7888 | Temple   | Entered the Ecumenical Temple
  8370 | D:7      | Found a shadowy altar of Dithmenos.
  8376 | D:7      | Found a deep blue altar of Sif Muna.
  8382 | D:7      | Found an opulent altar of Gozag.
  8933 | D:8      | Reached skill level 5 in Dodging
  9159 | D:8      | Found a staircase to the Lair.
  9179 | D:8      | Found a snail-covered altar of Cheibriados.
  9192 | D:8      | Became a worshipper of Cheibriados the Contemplative
  9231 | D:8      | Found Lyatt's Magic Scroll Emporium.
  9236 | D:8      | Got a crystal falchion
  9237 | D:8      | Identified the +9 falchion of the Ship {slice, rF+ MR+ Dex+7} (You found it on level 8 of the Dungeon)
  9365 | Lair:1   | Entered Level 1 of the Lair of Beasts
  9389 | Lair:1   | Gained mutation: You tend to lose your temper in combat. [potion of mutation]
  9389 | Lair:1   | Gained mutation: You have large cloven feet. [potion of mutation]
  9409 | Lair:1   | Noticed a five-headed hydra
  9507 | D:8      | Reached skill level 1 in Fighting
  9786 | D:8      | Reached skill level 1 in Long Blades
  9905 | D:9      | Reached * piety under Cheibriados
  9915 | D:9      | Reached skill level 1 in Unarmed Combat
 10229 | D:9      | Found a staircase to the Orcish Mines.
 10253 | D:9      | Reached ** piety under Cheibriados
 10509 | D:9      | Found a glowing silver altar of Zin.
 10692 | D:9      | Gained mutation: You are dopey. (Int -2) [mutagenic meat]
 10698 | D:9      | Gained mutation: You have hoof-like feet. [mutagenic meat]
 10756 | D:9      | Reached XP level 11. HP: 56/83 MP: 25/25
 10890 | D:10     | Entered Level 10 of the Dungeon
 10890 | D:10     | Noticed a six-headed hydra
 10915 | D:10     | Noticed LandisOverThere's ghost (journeyman DsGl)
 10930 | D:10     | Killed LandisOverThere's ghost
 10931 | D:10     | Reached *** piety under Cheibriados
 11345 | D:10     | Killed a six-headed hydra
 11782 | D:11     | Noticed LostInTranslocation's ghost (journeyman DrGl)
 11797 | D:11     | Killed from afar by LostInTranslocation's ghost

Vault maps used:
D:1:      dpeg_arrival_signposts, minmay_pentomino_q2
D:2:      uniq_crazy_yiuf_cottage
D:3:      first_bread, roderic_bali_sauvastika, eino_tiny_chamber
D:4:      old_standard_altar, evilmike_ruin_ashenzari, tso_oasis_becter,
          xom_confusion_cloud, serial_shops, shop
D:5:      fedhas_bush_and_centaur_altar, glass_columns_a, uniq_edmund,
          uniq_prince_ribbit1
D:6:      kennysheep_housing_project, lightli_temple_of_fire,
          lemuel_round_altar, nicolae_benzene_ring, kennysheep_generic_room_7
D:7:      minitemple, grunt_livestock, uniq_pikel
D:8:      overflow_temple_1_default, grunt_lair_entry_orc_guard_hut,
          serial_shops, nicolae_shop_waterfront, minmay_fire_ice_demons
D:9:      kennysheep_mini_moat, zombieorc2_lemuel, kennysheep_generic_room_6
D:11:     nicolae_two_hexagons
Temple:   jpeg_temple_island
Lair:1:   statuecave_lemuel, grunt_megastairs_4, uniq_joseph, uniq_harold,
          uniq_nergalle

Skill      XL: |  1  2  3  4  5  6  7  8  9 10 11 |
---------------+----------------------------------+-----
Ice Magic      | 4 5 6 8 10 | 10.0
Spellcasting   | 3 4 5 6 10 | 10.2
Dodging        | 5 |  5.9
Fighting       | 3 4 |  4.9
Long Blades    | 3 4 |  4.6
Unarmed Combat | 3 4 |  4.6
Stealth        | |  1.7
Conjurations   | |  1.0

Action                   |  1- 3 |  4- 6 |  7- 9 | 10-12 || total
-------------------------+-------+-------+-------+-------++-------
Melee: Whip              |    28 |    16 |       |       ||    44
       Spear             |     4 |       |       |       ||     4
       Tailslap          |     2 |    10 |    23 |    98 ||   133
       Dagger            |       |    76 |     4 |       ||    80
       Quarterstaff      |       |    25 |       |       ||    25
       Dire flail        |       |       |   184 |   169 ||   353
       Falchion          |       |       |       |   281 ||   281
       Kick              |       |       |       |   110 ||   110
       Punch             |       |       |       |     4 ||     4
Throw: Stone             |    83 |    11 |     6 |     1 ||   101
       Javelin           |       |       |       |     4 ||     4
 Cast: Freeze            |    45 |    56 |   154 |     9 ||   264
       Ozocubu's Armour  |       |       |    14 |    18 ||    32
       Summon Ice Beast  |       |       |     3 |    19 ||    22
 Abil: Breathe Steam     |       |       |    12 |    11 ||    23
  Use: Scroll            |     3 |     1 |     8 |     9 ||    21
       Potion            |       |       |     3 |     1 ||     4
 Stab: Sleeping          |       |     5 |     5 |    11 ||    21
       Distracted        |       |       |     2 |     3 ||     5
  Eat: Chunk             |     2 |     7 |    15 |    17 ||    41
       Fruit             |       |       |     3 |       ||     3
       Bread ration      |       |       |       |     1 ||     1
Armor: Skin              |    39 |    35 |   202 |   131 ||   407
Dodge: Dodged            |    68 |    88 |   259 |   384 ||   799
Block: Other             |       |    31 |    58 |    42 ||   131
       Reflection        |       |       |     2 |     1 ||     3
